 Dungeon Crawl Stone Soup version 0.27-a0-1200-g94dc6ad4cf (webtiles) character file.

Game seed: 3674685455577827567

10290 siradein the Slicer (level 11, -5/83 HPs)
             Began as a Minotaur Hunter on May 28, 2021.
             Was a Priest of Okawaru.
             Slain by a +0 quarterstaff of chaos (19 damage)
             ... on level 7 of the Dungeon on June 1, 2021.
             The game lasted 01:07:36 (20919 turns).

siradein the Slicer (Minotaur Hunter)              Turns: 20919, Time: 01:07:38

Health: -5/83      AC: 13    Str: 25    XL:     11   Next: 34%
Magic:  11/11      EV: 11    Int:  8    God:    Okawaru [***...]
Gold:   595        SH:  0    Dex: 10    Spells: 10/10 levels left

rFire    . . .     SeeInvis .   P - +2 executioner's axe (vorpal)
rCold    + . .     Faith    .   (shield currently unavailable)
rNeg     + . .     Spirit   .   I - +2 scale mail "Koubrod" {Rampage Will+ Str+4}
rPois    .         Reflect  .   (helmet restricted)
rElec    .         Harm     .   f - +0 cloak
rCorr    .         Rampage  +   t - +1 pair of gloves
Will     +....                  g - +0 pair of boots
Stlth    ..........             (no amulet)
HPRegen  0.23/turn              e - ring of protection from cold
MPRegen  0.12/turn              k - ring of positive energy

@: no status effects
A: horns 2, retaliatory headbutt
a: Renounce Religion, Heroism


You were on level 7 of the Dungeon.
You worshipped Okawaru.
Okawaru was most pleased with you.
You visited 2 branches of the dungeon, and saw 11 of its levels.
You also visited: Sewer and Bailey.

You collected 820 gold pieces.
You spent 225 gold pieces at shops.

Inventory:

Hand Weapons
 i - a +0 hunting sling
 l - a +0 rapier
 H - a +2 dagger of freezing
 P - a +2 vorpal executioner's axe (weapon)
Missiles
 c - 27 javelins
 d - 4 throwing nets
 h - 228 stones
 q - 57 sling bullets
 v - 41 poisoned darts (quivered)
 C - 17 boomerangs
 M - a curare-tipped dart
Armour
 f - a +0 cloak (worn)
 g - a +0 pair of boots (worn)
 t - a +1 pair of gloves (worn)
 I - the +2 scale mail "Koubrod" (worn) {Rampage Will+ Str+4}
   (You bought it in a shop on level 3 of the Dungeon)

   It affects your strength (+4).
   It bestows one free step when moving towards enemies.
   It increases your willpower.
Jewellery
 b - a ring of ice
 e - a ring of protection from cold (left hand)
 k - a ring of positive energy (right hand)
 u - a ring of willpower
Wands
 m - a wand of flame (30)
 D - a wand of iceblast (32)
 E - a wand of mindburst (8)
 L - a wand of paralysis (18)
Scrolls
 a - 2 scrolls of summoning {unknown}
 j - a scroll of amnesia
 o - a scroll of fear
 p - 3 scrolls of vulnerability {unknown}
 s - a scroll of magic mapping {unknown}
 x - 2 scrolls of blinking {unknown}
 B - 2 scrolls of enchant weapon {unknown}
 F - a scroll of acquirement {unknown}
 J - a scroll of fog {unknown}
 O - 2 scrolls of enchant armour {unknown}
 Q - 2 scrolls of holy word {unknown}
 R - 2 scrolls of identify
Potions
 n - a potion of mutation
 r - a potion of magic
 w - a potion of resistance {unknown}
 A - 2 potions of invisibility
 K - a potion of berserk rage
 N - 3 potions of might
Miscellaneous
 y - a piece from Xom's chessboard (15/15)
 z - a condenser vane


   Skills:
 + Level 3.7 Fighting
 + Level 11.1 Short Blades
 + Level 2.4 Axes
 - Level 9.8(12.1) Slings
 + Level 11.0(12.2) Throwing
 + Level 2.6 Armour
 + Level 3.3 Dodging
 - Level 0.7 Stealth
 + Level 2.0 Invocations


You had 10 spell levels left.
You didn't know any spells.
Your spell library contained the following spells:

 Spells                   Type           Power      Damage    Failure   Level
 Magic Dart               Conj           0%         1d3       71%         1
 Searing Ray              Conj           0%         3d3       83%         2
 Dazzling Flash           Conj/Hex       0%         N/A       97%         3
 Fulminant Prism          Conj/Hex       0%         3d6       100%        4
 Iskenderun's Mystic Bla  Conj/Tloc      0%         2d3       100%        4


Dungeon Overview and Level Annotations

Branches:
Dungeon (10/15)            Temple (1/1) D:7            Lair (0/6) D:8
  Sewer (visited)          Bailey (visited)
    Orc: D:9-12

Altars:
Dithmenos
Elyvilon
Fedhas
Gozag
Kikubaaqudgha
Makhleb
Okawaru
Sif Muna
Trog
Xom
Yredelemnul

Shops:
D:3 [   D:8 =

Annotations:
D:7 sizableburger's ghost, novice MfNe


Innate Abilities, Weirdness & Mutations

You have a pair of horns on your head.
You reflexively headbutt those who attack you in melee.


Message History

HP restored.
There is a stone staircase leading up here.
You climb upwards.
There is a stone staircase leading down here.
There is a stone staircase leading up here.
You climb upwards.
There is a stone staircase leading down here.
Things that are here:
a +0 robe; a +4 trident You see here a +0 hand axe.
There is a stone staircase leading up, spattered with blood here.
You climb upwards.
Level annotation: 1 runed translucent door, sizableburger's ghost, novice MfNe
There is a stone staircase leading down, spattered with blood here.
Search for what [Enter for "trans", or ? for help]? trans Sizableburger's ghost turns its malevolent gaze towards you.
Sizableburger's ghost says, "Your head would complement my pike nicely."
You open the door. The +0 quarterstaff of chaos hits you.
The +0 quarterstaff of chaos hits you.
You are confused.
You feel less confused.
The +0 quarterstaff of chaos barely misses you.
You closely miss the +0 quarterstaff of chaos.
Your headbutt misses the +0 quarterstaff of chaos.
The +0 quarterstaff of chaos hits you! x2
The +0 quarterstaff of chaos hits you but does no damage.
You miss the +0 quarterstaff of chaos. The +0 quarterstaff of chaos hits you.
The +0 quarterstaff of chaos hits you! The +0 quarterstaff of chaos burns you.
The +0 quarterstaff of chaos hits you!!
* * * LOW HITPOINT WARNING * * *
The +0 quarterstaff of chaos burns you.
* * * LOW HITPOINT WARNING * * *
You barely miss the +0 quarterstaff of chaos.
The +0 quarterstaff of chaos hits you.
* * * LOW HITPOINT WARNING * * *
The +0 quarterstaff of chaos burns you.
* * * LOW HITPOINT WARNING * * *
The +0 quarterstaff of chaos hits you!!
You die...

######....#
#..##.....[.##.##.
...#...#.##
#..#............##
.......#.#####
#..#.............#
##.#...#.....#
#..#.........#...#
.#.#...#####.#
#..#....##.......#
...##### #.#
#..#######...#....
.#.....#####.#
#............###[[
...###.#.....#
#................>
##.....#<#####
#@########...#####
##.....#.# #(#
#...# ##..†....#
#W# #...#
##....######
###.### #...#
##..)......#
#.....# #...#
##.........#
###'### #####
##.........# #._.#
####.......# ##.##
# #.......# ###


You could see a +0 quarterstaff of chaos and sizableburger's ghost.

Vanquished Creatures
  A kobold demonologist (D:8)
  A komodo dragon (D:8)
  A troll (D:9)
  A slime creature (D:9)
  Sigmund (D:4)
  A wyvern (D:9)
  12 yaks
  2 steam dragons (D:7)
  2 water moccasins
  A sky beast (D:6)
  An ogre (D:6)
  14 orc warriors
  3 necrophages
  3 black bears
  14 centaurs
  2 kobold brigands
  3 bullfrogs
  A wyvern zombie (D:6)
  A scorpion (D:4)
  A wyvern skeleton (D:5)
  31 killer bees
  14 wights
  An electric eel (D:9)
  3 howler monkeys
  4 hounds
  2 bullfrog zombies (D:5)
  A centaur zombie (D:6)
  A bullfrog skeleton (D:7)
  4 orc priests
  2 centaur skeletons (D:7)
  Terence (D:2)
  4 iguanas
  A scorpion zombie (D:5)
  3 orc wizards (D:8)
  Natasha (thrice) (D:3)
  A killer bee zombie (D:5)
  A hound zombie (D:5)
  2 hound skeletons (D:4)
  8 gnolls
  15 adders
  2 shadow imps (D:7)
  A white imp (D:5)
  An ufetubus (D:6)
  2 adder skeletons (D:4)
  6 dart slugs
  A worm (D:2)
  53 orcs
  3 ball pythons
  8 endoplasms
  8 giant cockroaches
  8 goblins
  8 hobgoblins
  15 jackals
  2 quokkas
  7 bats
  9 frilled lizards
  14 kobolds
  5 rats
321 creatures vanquished.

Vanquished Creatures (others)
  36 plants (D:8)
36 creatures vanquished.

Grand Total: 357 creatures vanquished

Notes
Turn   | Place    | Note
-------+----------+-------------------------------------------
     0 | D:1      | siradein the Minotaur Hunter began the quest for the Orb.
     0 | D:1      | Reached XP level 1. HP: 18/18 MP: 0/0
   178 | D:1      | Found a faded altar of an unknown god.
   389 | D:1      | Reached skill level 1 in Short Blades
   476 | D:1      | Reached XP level 2. HP: 25/25 MP: 1/1
  1167 | D:2      | Reached XP level 3. HP: 30/30 MP: 2/2
  1424 | D:2      | Noticed Terence
  1437 | D:2      | Killed Terence
  1438 | D:2      | Reached XP level 4. HP: 29/37 MP: 3/3
  1538 | D:2      | Upgraded the game from 0.27-a0-1196-g3e9cee4cb2 to
                  | 0.27-a0-1200-g94dc6ad4cf
  1922 | D:2      | Reached skill level 5 in Throwing
  2436 | D:3      | Reached XP level 5. HP: 41/42 MP: 4/4
  2658 | D:3      | Noticed Natasha
  2832 | D:3      | Killed Natasha
  3114 | D:3      | Reached skill level 1 in Slings
  3240 | D:3      | Found Jene's Antique Armour Emporium.
  3367 | D:3      | Noticed Natasha
  3386 | D:3      | Killed Natasha
  3387 | D:3      | Reached XP level 6. HP: 25/50 MP: 5/5
  3573 | D:4      | Noticed Sigmund
  3634 | D:3      | Noticed Natasha
  3643 | D:3      | Killed Natasha
  3987 | D:4      | Killed Sigmund
  3988 | D:4      | Reached skill level 5 in Short Blades
  3988 | D:4      | Reached XP level 7. HP: 56/56 MP: 6/6
  5038 | D:5      | Entered Level 5 of the Dungeon
  5045 | D:5      | Found a glowing drain.
  5064 | Sewer    | Entered a sewer
  5930 | D:5      | Reached XP level 8. HP: 56/62 MP: 7/7
  6067 | D:5      | Found a white marble altar of Elyvilon.
  6299 | D:5      | Reached skill level 5 in Slings
  8376 | D:6      | Reached XP level 9. HP: 48/66 MP: 8/8
  8776 | D:6      | You fall into a shaft and drop 1 floor!
  9262 | D:3      | Bought a heavily runed scale mail for 225 gold pieces
  9262 | D:3      | Identified the +2 scale mail "Koubrod" {Rampage Will+
                  | Str+4} (You bought it in a shop on level 3 of the Dungeon)
 10824 | D:7      | Found a runed translucent door.
 10826 | D:7      | Found a shimmering altar of Xom.
 10826 | D:7      | Noticed sizableburger's ghost (novice MfNe)
 10826 | D:7      | Noticed a +0 quarterstaff of chaos
 10879 | D:7      | Found a staircase to the Ecumenical Temple.
 11142 | D:7      | Found a shadowy altar of Dithmenos.
 12032 | Temple   | Entered the Ecumenical Temple
 12038 | Temple   | Became a worshipper of Warmaster Okawaru
 12498 | D:8      | Reached XP level 10. HP: 9/73 MP: 9/9
 13219 | D:8      | Found Huetomot's Jewellery Emporium.
 14238 | D:8      | Reached * piety under Okawaru
 14409 | D:8      | Reached skill level 10 in Throwing
 14425 | D:8      | Reached skill level 10 in Short Blades
 14771 | D:8      | Reached ** piety under Okawaru
 14914 | D:8      | Found a staircase to the Lair.
 14998 | D:9      | Found a flagged portal.
 15010 | Bailey   | Entered a bailey
 18533 | D:8      | Noticed a sun demon
 18534 | D:8      | Reached *** piety under Okawaru
 18535 | D:8      | Reached XP level 11. HP: 56/81 MP: 10/10
 18692 | D:9      | Reached skill level 1 in Axes
 18692 | D:9      | Reached skill level 1 in Armour
 18901 | D:9      | Reached skill level 1 in Invocations
 19402 | D:10     | Entered Level 10 of the Dungeon
 19542 | D:9      | Received a gift from Okawaru
 20919 | D:7      | Slain by a +0 quarterstaff of chaos

Illustrated notes

Levels and vault maps discovered:
D:1:      lightli_arrival_flooded_house, layout_basic,
          hellmonk_ecumenical_altar_blasted, minmay_3d_cube
D:2:      layout_loops_ring, due_unseen_surprise, uniq_terence
D:3:      layout_basic, serial_shops, shop, minmay_fractal_squares_5,
          uniq_natasha
D:4:      minmay_clustersquares, layout_basic, uniq_sigmund
D:5:      layout_loops_ring, elyvilon_altar_1, cheibrodos_sewer_entry_drain,
          fountainhead, hangedman_decor_clover_reticule, minmay_misc_feat_tower
D:6:      layout_basic
D:7:      layout_basic, lemuel_round_altar, minmay_temple_entry_antechambers,
          ebering_ghost_xom
D:8:      layout_basic, david_lair_shrubbed, serial_shops, shop,
          kb_lookout_dungeons_type
D:9:      kennysheep_spiral_hall, layout_cave_pools, enter_bailey_4,
          kennysheep_nondescript, nrook_mini_vaults, grunt_ministairs_9,
          nicolae_water_bricks
D:10:     layout_loops_ring, nicolae_overflow_hidden_temple, serial_shops,
          kennysheep_mini_moat, serial_undead, serial_undead_f, serial_undead_f,
          serial_undead_b, serial_undead_b, serial_undead_f, serial_undead_e,
          sword_in_stone
Temple:   eino_narrow_crystal_temple

Skill      XL: |  1  2  3  4  5  6  7  8  9 10 11 |
---------------+----------------------------------+-----
Short Blades   | 1 2 3 4 5 6 7 9 10 11 | 11.1
Throwing       | 5 6 7 8 9 10 11 | 11.0
Slings         | 1 3 4 6 8 9 |  9.8
Axes           | 2 |  2.4
Armour         | 2 |  2.6
Invocations    | 2 |  2.0
Fighting       | 3 |  3.7
Dodging        | 3 |  3.3
Stealth        | |  0.7

Action                   |  1- 3 |  4- 6 |  7- 9 | 10-12 || total
-------------------------+-------+-------+-------+-------++-------
Melee: Short sword       |    53 |       |       |       ||    53
       Headbutt          |     6 |    24 |    90 |    81 ||   201
       Rapier            |       |   128 |   383 |       ||   511
       Dagger            |       |       |    97 |   378 ||   475
       Executioner's axe |       |       |       |    17 ||    17
 Fire: Hunting sling     |    50 |    57 |   148 |   492 ||   747
Throw: Throwing net      |       |     1 |       |       ||     1
       Dart              |       |     5 |     2 |       ||     7
Invok: Heroism           |       |       |       |     1 ||     1
  Use: Scroll            |       |       |     9 |     2 ||    11
       Potion            |       |       |       |     4 ||     4
 Stab: Fleeing           |       |       |       |     2 ||     2
Armor: Chain mail        |    48 |    94 |   169 |       ||   311
       Scale mail        |       |       |    53 |   145 ||   198
Dodge: Dodged            |    26 |    53 |   190 |   213 ||   482

Table legend: (Time is in decaauts)
 A = Elapsed time spent in this place.
 B = Non-inter-level travel time spent in this place.
 C = Inter-level travel time spent in this place.
 D = Time resting spent in this place.
 E = Time spent auto-exploring this place.
 F = Levels seen in this place.
 G = Mean time per level.
                   A        B        C        D        E       F      G
               +--------+--------+--------+--------+--------+-----+--------+
         Total |  20587 |  20127 |    460 |   4509 |  11534 |  13 | 1583.6 |
       Dungeon |  16644 |  16184 |    460 |   4073 |   9168 |  10 | 1664.4 |
        Temple |     12 |     12 |      0 |      0 |      0 |   1 |   12.0 |
         Sewer |    971 |    971 |      0 |    219 |    460 |   1 |  971.0 |
        Bailey |   2959 |   2959 |      0 |    217 |   1905 |   1 | 2959.0 |
               +--------+--------+--------+--------+--------+-----+--------+

Top non-repeatable levels by time:
  Bailey: 2959 daAuts
     D:7: 2621 daAuts
     D:6: 2394 daAuts
     D:9: 2255 daAuts
     D:5: 2180 daAuts
     D:8: 1873 daAuts
     D:3: 1375 daAuts
     D:4: 1334 daAuts
     D:2: 1270 daAuts
     D:1: 1098 daAuts
   Sewer: 971 daAuts
    D:10: 239 daAuts
  Temple: 12 daAuts
